 Dungeon Crawl Stone Soup version 0.24.0-123-gd5b16e6ec5 (webtiles) character file.

Game seed: 2134360978806360251, levelgen mode: deterministic

930 Gildeon the Sneak (level 8, -2/50 HPs)
             Began as an Octopode Transmuter on Dec 28, 2019.
             Slain by a sky beast (4 damage)
             ... on level 5 of the Dungeon on Dec 29, 2019.
             The game lasted 00:26:29 (4910 turns).

Gildeon the Sneak (Octopode Transmuter)             Turns: 4910, Time: 00:26:30

Health: -2/50      AC:  3    Str: 10    XL:     8   Next: 11%
Magic:  0/14       EV: 16    Int: 16    God:
Gold:   116        SH:  0    Dex: 18    Spells: 0/15 levels left

rFire    . . .     SeeInvis .     - Unarmed
rCold    . . .     Gourm    .   (no shield)
rNeg     . . .     Faith    .   t - +2 hat
rPois    .         Spirit   +   g - amulet of guardian spirit
rElec    .         Reflect  .   m - +5 ring of dexterity
rCorr    .         Harm     .   (no ring)
MR       .....                  (no ring)
Stlth    ++++......             (no ring)
HPRegen  0.16/turn              (no ring)
MPRegen  0.14/turn              (no ring)
                                (no ring)
                                (no ring)

@: no status effects
A: almost no armour, stealthy swim, amphibious, 8 rings, constrict 8, camouflage
1, gelatinous body 1
a: no special abilities


You were on level 5 of the Dungeon.
You were not hungry.

You visited 1 branch of the dungeon, and saw 5 of its levels.

You collected 242 gold pieces.
You spent 126 gold pieces at shops.

Inventory:

Hand Weapons
 k - a +0 whip
 r - a +0 club
 x - a +0 dagger
Missiles
 a - 109 arrows
 s - a throwing net (quivered)
Armour
 t - a +2 hat (worn)
Jewellery
 g - an amulet of guardian spirit (around mantle)
 m - a +5 ring of dexterity (left tentacle)
Wands
 u - a wand of enslavement (1)
Scrolls
 b - a scroll of amnesia {unknown}
 e - 4 scrolls of remove curse
 p - a scroll of noise {unknown}
 v - a scroll of enchant armour {unknown}
 w - a scroll of magic mapping {unknown}
Potions
 d - a potion of invisibility
 f - 2 potions of ambrosia
 i - 2 potions of agility
 j - a potion of might
 l - 3 potions of curing {unknown}
 n - 3 potions of brilliance {unknown}
 o - a potion of flight {unknown}
 q - 2 potions of heal wounds {unknown}
Comestibles
 c - 9 rations
 h - 12 chunks of flesh


   Skills:
 - Level 2.0 Fighting
 + Level 4.1 Dodging
 + Level 4.8 Stealth
 + Level 4.7 Unarmed Combat
 + Level 4.0 Spellcasting
 + Level 4.0 Transmutations
 - Level 3.0 Poison Magic


You couldn't memorise any spells.
You knew the following spells:

 Your Spells              Type           Power        Failure   Level  Hunger
a - Beastly Appendage     Tmut           ###...       3%          1    None
b - Sticks to Snakes      Tmut           ###.....     4%          2    ##.....
c - Spider Form           Tmut/Pois      ##........   12%         3    ###....
d - Ice Form              Ice/Tmut       #.......     58%         4    ####...
e - Blade Hands           Tmut           ###.......   65%         5    ######.

Your spell library contained the following spells:

 Spells                   Type           Power        Failure   Level  Hunger


Dungeon Overview and Level Annotations

Branches:
Dungeon (5/15)
 Temple: D:4-7

Altars:

Shops:
D:4 ([


Innate Abilities, Weirdness & Mutations

You cannot wear most types of armour.
You are very stealthy in the water. (Stealth+)
You are amphibious.
You can wear up to eight rings at the same time.
You can use your tentacles to constrict eight enemies at once.
Your skin changes colour to match your surroundings (Stealth+).
Your rubbery body absorbs attacks. (AC +1, EV +1)


Message History

Casting: Sticks to Snakes (safe; 4% risk of failure)
Confirm with . or Enter, or press ? or * to list all spells.
You don't have enough magic to cast that spell.
The sky beast flickers out of sight!
Deactivating autopickup; reactivate with Ctrl-A.
There is a stone staircase leading up here.
Something hits you but does no damage.
You climb upwards.
Reactivating autopickup.
An orc comes into view. It is wielding a +0 hand axe.
The orc hits you but does no damage.
There is a stone staircase leading down here.
The orc shouts!
The orc priest shouts!
You climb downwards.
You hear the sound of rushing water.
There is an entrance to a sewer on this level.
Hurry and find it before the portal rusts away!
Something hits you.
* * * LOW HITPOINT WARNING * * *
Something shocks you.
You die...

..# ..## #..............# ..#
####...## #.............## ..##
#.......## #.............#
...###........## ##............#
....##.........## ##...........#
..#.÷#..........#####..........##
..##..#..........#....#......###
..###÷.............#####..#.##
..# ##..........@o## ####..# ..#
##..[.......## #.# .##
###)....#### .# # #)##### #.# #..
...# ...# #...#


You could see an orc.

Vanquished Creatures
  A phantom (D:4)
  An ogre (D:4)
  A scorpion (D:5)
  5 howler monkeys (D:4)
  A bullfrog zombie (D:4)
  Jessica (D:2)
  6 orc wizards
  A worker ant (D:4)
  A hound skeleton (D:4)
  2 worker ant zombies (D:4)
  3 adders
  8 gnolls
  3 oozes
  4 adder zombies (D:4)
  A worm (D:4)
  3 leopard geckos
  12 orcs
  A ball python (D:4)
  A giant cockroach (D:1)
  4 goblins
  5 hobgoblins
  9 jackals
  11 kobolds
  A quokka (D:5)
  A ball python skeleton (D:4)
  11 bats
  7 frilled lizards
  A jackal zombie (D:4)
  2 quokka zombies
  9 rats
117 creatures vanquished.

Vanquished Creatures (collateral kills)
  An orc (D:5)
  A jackal (D:4)
2 creatures vanquished.

Grand Total: 119 creatures vanquished

Notes
Turn   | Place    | Note
-------+----------+-------------------------------------------
     0 | D:1      | Gildeon the Octopode Transmuter began the quest for the
                  | Orb.
     0 | D:1      | Reached XP level 1. HP: 13/13 MP: 3/3
   155 | D:1      | Reached XP level 2. HP: 9/18 MP: 5/5
   410 | D:1      | Learned a level 2 spell: Sticks to Snakes
   707 | D:1      | Reached skill level 1 in Stealth
   709 | D:1      | Reached XP level 3. HP: 16/23 MP: 4/6
   720 | D:1      | Learned a level 3 spell: Spider Form
  1711 | D:2      | Noticed Jessica
  1717 | D:2      | Killed Jessica
  1717 | D:2      | Reached XP level 4. HP: 29/29 MP: 7/7
  1837 | D:2      | Reached XP level 5. HP: 21/34 MP: 4/9
  2401 | D:3      | Reached skill level 1 in Poison Magic
  2414 | D:3      | Learned a level 4 spell: Ice Form
  2643 | D:3      | Reached XP level 6. HP: 36/39 MP: 8/10
  3557 | D:4      | Reached XP level 7. HP: 15/45 MP: 4/12
  3831 | D:4      | Found Moatydiucs's Weapon Boutique.
  3846 | D:4      | Found Zough's Antique Armour Shoppe.
  3849 | D:4      | Bought an embroidered hat for 126 gold pieces
  4675 | D:5      | Entered Level 5 of the Dungeon
  4701 | D:5      | Reached XP level 8. HP: 28/50 MP: 4/13
  4872 | D:5      | Learned a level 5 spell: Blade Hands
  4910 | D:5      | HP: 2/50 [something (3)]
  4910 | D:5      | Slain by a sky beast

Levels and vault maps discovered:
D:1:      moated_graveyard_arrival, layout_basic
D:2:      layout_basic, uniq_jessica
D:3:      layout_basic, hangedman_decor_opposing, supply_closet_lemuel
D:4:      layout_cave_pods, serial_shops, kennysheep_mini_moat, shop,
          serial_undead, serial_undead_d, serial_undead_f, serial_undead_a,
          serial_undead_c
D:5:      layout_cave_pods, minmay_temple_entry_tees, first_ration,
          ebering_ghost_gozag, serial_shops, kennysheep_little_box,
          nicolae_shop_overgrown_old_shop, shop, nicolae_shop_crystal, shop,
          lightli_sewer_entry_pipes, minmay_misc_feat_tower

Skill      XL: |  1  2  3  4  5  6  7  8 |
---------------+-------------------------+-----
Stealth        | 1 2 3 4 |  4.8
Fighting       | 2 |  2.0
Dodging        | 3 4 |  4.1
Spellcasting   | 3 4 |  4.0
Poison Magic   | 1 2 3 |  3.0
Transmutations | 3 4 |  4.0
Unarmed Combat | 4 |  4.7

Action                   |  1- 3 |  4- 6 |  7- 9 || total
-------------------------+-------+-------+-------++-------
Melee: Unarmed           |    71 |   113 |   115 ||   299
       Constrict         |    20 |    29 |    24 ||    73
       Kick              |    11 |    16 |    17 ||    44
       Tentacles         |    10 |    30 |    21 ||    61
       Punch             |     1 |     1 |     4 ||     6
 Cast: Beastly Appendage |     7 |     7 |     7 ||    21
       Sticks to Snakes  |       |       |     6 ||     6
  Use: Scroll            |     3 |     2 |       ||     5
 Stab: Sleeping          |    10 |    11 |     1 ||    22
       Distracted        |       |       |     1 ||     1
  Eat: Chunk             |     3 |     5 |     5 ||    13
Armor: Skin              |     2 |    10 |    19 ||    31
Dodge: Dodged            |    39 |    87 |    79 ||   205
